 Dungeon Crawl Stone Soup version 0.31-a0-1068-g5939ac1fb6 (webtiles) character file.

Game seed: 18397979947965504678

948 Colgate the Carver (level 7, -1/57 HPs)
             Began as a Demigod Delver on Nov 23, 2023.
             Succumbed to a killer bee's poison
             ... on level 5 of the Dungeon.
             The game lasted 00:26:42 (7878 turns).

Colgate the Carver (Demigod Delver)                 Turns: 7878, Time: 00:26:43

Health: -1/57      AC: 14    Str: 12 (13) XL:     7   Next: 58%
Magic:  9/9        EV:  6    Int: 11 (12) God:
Gold:   298        SH:  0    Dex: 22 (23) Spells: 6/6 levels left

rFire   + . .        b - +0 scimitar
rCold   . . .        (no shield)
rNeg    . . .        w - +0 chain mail
rPois   .            C - +0 helmet
rElec   .            u - +0 cloak
rCorr   .            t - +0 pair of gloves
SInv    .            q - +2 pair of boots
Will    .....        (no amulet)
Stlth   +            p - ring of protection from fire
HPRegen 0.29/turn    (no ring)
MPRegen 0.11/turn

%: no passive effects
@: lethally poisoned (-1 -> -11)
A: high MP 1, forlorn, divine attributes
a: no special abilities


You were on level 5 of the Dungeon.
You visited 1 branch of the dungeon, and saw 5 of its levels.

You collected 298 gold pieces.

Inventory:

Hand Weapons
 a - a +3 short sword of electrocution
 b - a +0 scimitar (weapon)
Missiles
 o - 6 datura-tipped darts
Armour
 q - a +2 pair of boots (worn)
 t - a +0 pair of gloves (worn)
 u - a +0 cloak (worn)
 w - a +0 chain mail (worn)
 C - a +0 helmet (worn)
Magical Staves
 d - a staff of conjuration
 h - a staff of air
Jewellery
 p - a ring of protection from fire (left hand)
 x - a ring of fire
 y - a ring of ice
Wands
 g - a wand of digging (2) {@v3}
Scrolls
 c - a scroll of fog
 e - 3 scrolls of fear
 m - 2 scrolls of vulnerability {unknown}
 r - a scroll of butterflies {unknown}
 s - a scroll of teleportation {unknown}
Potions
 j - 2 potions of brilliance
 k - 4 potions of lignification
 l - a potion of resistance {@q5}
 v - a potion of ambrosia


   Skills:
 - Level 3.0 Fighting
 + Level 8.2 Long Blades
 - Level 1.7 Dodging
 - Level 5.0 Stealth


You had 6 spell levels left.
You didn't know any spells.
Your spell library was empty.

Dungeon Overview and Level Annotations

Branches:
Dungeon (5/15)
 Temple: D:4-7

Annotations:
D:5 Dowan, Duvessa


Innate Abilities, Weirdness & Mutations

You have an increased reservoir of magic. (+10% MP)
You shall have no god before yourself.
Your divine heritage dramatically boosts your attributes as you level up.


Message History

The killer bee stings you but does no damage.
The killer bee completely misses you. The killer bee stings you.
The killer bee stings you but does no damage.
You slash the killer bee!
You kill the killer bee!
You feel sick. The killer bee stings you.
* * * LOW HITPOINT WARNING * * *
The killer bee stings you but does no damage.
You feel your intelligence returning.
You feel sick. The killer bee barely misses you. The killer bee stings you.
* * * LOW HITPOINT WARNING * * *
You are more poisoned.
The killer bee poisons you!
You miss the killer bee.
* * * LOW HITPOINT WARNING * * *
You feel very sick.
The killer bee stings you but does no damage. x2
You slash the killer bee!
* * * LOW HITPOINT WARNING * * *
You feel sick. The killer bee barely misses you.
The killer bee stings you but does no damage.
You barely miss the killer bee.
* * * LOW HITPOINT WARNING * * *
You feel sick. The killer bee closely misses you.
The killer bee stings you but does no damage.
You miss the killer bee.
* * * LOW HITPOINT WARNING * * *
You feel sick. The killer bee stings you.
* * * LOW HITPOINT WARNING * * *
You are more poisoned.
The killer bee poisons you! The killer bee stings you.
* * * LOW HITPOINT WARNING * * *
You hit the killer bee but do no damage.
* * * LOW HITPOINT WARNING * * *
You feel very sick. The killer bee closely misses you.
The killer bee stings you but does no damage.
Unknown command.
You miss the killer bee.
You die...

*****,,,,,,* ##.#......
*,,,+,,,,,,* ##.##......
*,###,,,,,,*##.###......
*,#..*+****##.## #......
#,#..*,*####.## #######
#.#..#+##...## #####
#...........#
#...........#
#.....y@....#
#.....<.....#
#.........###
#.........#
##........##############
#..........S...........
#........##############
#.......(# #.[......#


You could see a killer bee.

Vanquished Creatures
  A water moccasin (D:5)
  An ice beast (D:5)
  A bullfrog (D:4)
  3 scorpions
  3 killer bees
  A crimson imp (D:3)
  An orc priest (D:3)
  2 sleepcaps
  An iguana (D:3)
  2 orc wizards (D:4)
  8 gnolls
  4 adders
  A white imp (D:5)
  The ghost of paps the Sneak, a weakling DsDe of Gozag (D:4)
  2 dart slugs
  8 orcs
  10 ball pythons
  2 bats
  9 endoplasms
  4 giant cockroaches
  3 goblins
  2 hobgoblins
  7 kobolds
  6 quokkas
  4 frilled lizards
  4 rats (D:1)
91 creatures vanquished.

Notes
Turn   | Place    | Note
-------+----------+-------------------------------------------
     0 | D:5      | Colgate the Demigod Delver began the quest for the Orb.
     0 | D:5      | Reached XP level 1. HP: 18/18 MP: 3/3
    53 | D:5      | Noticed Dowan
    59 | D:5      | Noticed a water moccasin
    85 | D:5      | Noticed a killer bee
   223 | D:3      | Noticed a scorpion
   502 | D:1      | Reached skill level 5 in Stealth
   504 | D:1      | Reached XP level 2. HP: 12/25 MP: 4/4
   836 | D:1      | Reached skill level 2 in Long Blades
  2051 | D:2      | Reached skill level 3 in Long Blades
  2051 | D:2      | Reached XP level 3. HP: 29/31 MP: 5/5
  2972 | D:2      | Reached XP level 4. HP: 38/38 MP: 6/6
  4670 | D:3      | Reached skill level 4 in Long Blades
  5061 | D:3      | Reached XP level 5. HP: 45/45 MP: 7/7
  5338 | D:3      | Reached skill level 5 in Long Blades
  5699 | D:4      | Found a large runed translucent door.
  5701 | D:4      | Found a large runed translucent door.
  5838 | D:3      | Reached XP level 6. HP: 27/51 MP: 8/8
  6132 | D:4      | Noticed paps's ghost (weakling DsDe)
  6275 | D:4      | Killed paps's ghost
  6387 | D:5      | Reached skill level 6 in Long Blades
  6635 | D:5      | Killed a water moccasin
  6880 | D:5      | Reached skill level 7 in Long Blades
  6880 | D:5      | Reached XP level 7. HP: 49/57 MP: 9/9
  7637 | D:5      | Noticed Duvessa
  7698 | D:4      | Reached skill level 8 in Long Blades
  7877 | D:5      | HP: 1/57 [poisoned by a killer bee]
  7878 | D:5      | Succumbed to a killer bee's poison

Illustrated notes

Levels and vault maps discovered:
D:1:      eino_arrival_water_star, layout_basic,
          hellmonk_ecumenical_altar_arch_garden
D:2:      wad_river_or_something, layout_basic, hangedman_decor_diamond_cutter
D:3:      layout_basic, grunt_temple_overflow_champion_of_chaos,
          mainiacjoe_overflow_catwalk, nicolae_ru_the_path_less_chosen
D:4:      layout_rooms, yredelemnul_altar_generic, mainiacjoe_overflow_paths,
          ebering_ghost_disaster_area, portal_sewer_entry_f
D:5:      layout_basic, fedhas_altar_3, minmay_statues_item, uniq_duvessa

Skill      XL: |  1  2  3  4  5  6  7 |
---------------+----------------------+-----
Stealth        | 5 |  5.0
Fighting       | 3 |  3.0
Long Blades    | 3 4 5 7 8 |  8.2
Dodging        | |  1.7

Action                     |  1- 3 |  4- 6 |  7- 9 || total
---------------------------+-------+-------+-------++-------
  Melee: Morningstar       |    18 |       |       ||    18
         Falchion          |     8 |       |       ||     8
         Scimitar          |    41 |    66 |    32 ||   139
         Short sword       |    17 |    81 |       ||    98
         Punch             |     1 |     2 |       ||     3
  Evoke: Wand              |     1 |       |       ||     1
    Use: Scroll            |     4 |     3 |       ||     7
         Potion            |       |     1 |     5 ||     6
   Stab: Sleeping          |    10 |       |       ||    10
         Distracted        |       |     1 |       ||     1
 Armour: Leather armour    |    35 |     7 |       ||    42
         Chain mail        |       |    79 |    62 ||   141
  Dodge: Dodged            |    48 |    50 |    27 ||   125

Table legend: (Time is in decaauts)
 A = Elapsed time spent in this place.
 B = Non-inter-level travel time spent in this place.
 C = Inter-level travel time spent in this place.
 D = Time resting spent in this place.
 E = Time spent auto-exploring this place.
 F = Levels seen in this place.
 G = Mean time per level.
                   A        B        C        D        E       F      G
               +--------+--------+--------+--------+--------+-----+--------+
         Total |   7880 |   7225 |    655 |   1498 |   4125 |   5 | 1576.0 |
       Dungeon |   7880 |   7225 |    655 |   1498 |   4125 |   5 | 1576.0 |
               +--------+--------+--------+--------+--------+-----+--------+

Top non-repeatable levels by time:
     D:2: 3435 daAuts
     D:5: 1329 daAuts
     D:3: 1092 daAuts
     D:1: 1069 daAuts
     D:4: 953 daAuts
